 Dungeon Crawl Stone Soup version 0.28.0 (webtiles) character file.

Game seed: 1853589941316091750

46 Kikato the Vexing (level 3, 0/28 HPs)
             Began as a Gnoll Arcane Marksman on Feb 8, 2022.
             Slain by a worm (9 damage)
             ... on level 3 of the Dungeon.
             The game lasted 00:12:56 (2893 turns).

Kikato the Vexing (Gnoll Arcane Marksman)           Turns: 2893, Time: 00:12:57

Health: 0/28       AC:  2    Str:  9    XL:     3   Next: 66%
Magic:  7/7        EV: 13    Int: 12    God:
Gold:   84         SH:  0    Dex: 14    Spells: 6/7 levels left

rFire   . . .      SeeInvis .   f - +0 spear
rCold   . . .      Faith    .   (no shield)
rNeg    . . .      Spirit   .   d - +0 robe
rPois   .          Reflect  .   (no helmet)
rElec   .          Harm     .   (no cloak)
rCorr   .          Rampage  .   (no gloves)
Will    .....                   (no boots)
Stlth   ++........              (no amulet)
HPRegen 0.09/turn               (no ring)
MPRegen 0.10/turn               (no ring)

@: no status effects
A: fangs 1, strong nose, distributed training
a: no special abilities


You were on level 3 of the Dungeon.
You visited 1 branch of the dungeon, and saw 3 of its levels.

You collected 84 gold pieces.

Inventory:

Hand Weapons
 a - a +0 shortbow
 f - a +0 spear (weapon)
 j - a +0 short sword
Missiles
 c - 6 arrows
 e - 49 stones (quivered)
 l - 46 sling bullets
 u - 17 bolts
Armour
 b - a +0 helmet
 d - a +0 robe (worn)
Magical Staves
 p - a staff of death
 v - a staff of conjuration
Scrolls
 h - a scroll of vulnerability {unknown}
 m - 3 scrolls of identify {unknown}
 n - a scroll of blinking {unknown}
 o - a scroll of immolation {unknown}
 r - 2 scrolls of silence {unknown}
 t - a scroll of brand weapon {unknown}
Potions
 g - a potion of attraction {unknown}
 i - a potion of cancellation {unknown}
 k - a potion of heal wounds {unknown}
 q - a potion of ambrosia {unknown}
 s - a potion of curing {unknown}


   Skills:
 + Level 2.6 Fighting
 + Level 0.9 Short Blades
 + Level 0.9 Long Blades
 + Level 0.9 Axes
 + Level 0.9 Maces & Flails
 + Level 0.9 Polearms
 + Level 0.9 Staves
 + Level 0.9 Slings
 + Level 4.5 Bows
 + Level 0.9 Crossbows
 + Level 0.9 Throwing
 + Level 0.9 Armour
 + Level 4.5 Dodging
 + Level 0.9 Stealth
 + Level 0.9 Shields
 + Level 0.9 Unarmed Combat
 + Level 2.8 Spellcasting
 + Level 0.6 Conjurations
 + Level 5.4 Hexes
 + Level 0.6 Summonings
 + Level 0.6 Necromancy
 + Level 0.6 Translocations
 + Level 0.6 Transmutations
 + Level 0.6 Fire Magic
 + Level 0.6 Ice Magic
 + Level 0.6 Air Magic
 + Level 0.6 Earth Magic
 + Level 0.6 Poison Magic
 + Level 1.0 Invocations
 + Level 0.9 Evocations


You had 6 spell levels left.
You knew the following spells:

 Your Spells              Type           Power      Damage    Failure   Level
a - Slow                  Hex            56%        N/A       2%          1

Your spell library contained the following spells:

 Spells                   Type           Power      Damage    Failure   Level
 Magic Dart               Conj           12%        1d3       19%         1
 Inner Flame              Hex/Fire       9%         N/A       22%         3
 Portal Projectile        Hex/Tloc       18%        N/A       22%         3
 Cause Fear               Hex            7%         N/A       26%         4
 Call Imp                 Summ           3%         N/A       28%         2
 Static Discharge         Conj/Air       3%         N/A       28%         2
 Mephitic Cloud           Conj/Pois/Air  3%         N/A       50%         3
 Lightning Bolt           Conj/Air       1%         1d12      99%         5
 Maxwell's Capacitive Co  Air            1%         ∞         100%        8


Dungeon Overview and Level Annotations

Branches:
Dungeon (3/15)

Altars:
Okawaru


Innate Abilities, Weirdness & Mutations

You have very sharp teeth.
Your uncanny sense of smell can sniff out nearby items.
Your experience applies equally to all skills.


Message History

c - 3 arrows (gained 1)
c - 4 arrows (gained 1)
c - 6 arrows (gained 2)
You start resting.
HP restored.
A worm comes into view.
The worm closely misses you.
You hit the worm but do no damage. The worm bites you.
You hit the worm.
The worm is moderately wounded.
You barely miss the worm.
The worm is moderately wounded.
The worm bites you.
You hit the worm.
The worm is moderately wounded.
You hit the worm.
The worm is heavily wounded.
The worm barely misses you.
You hit the worm.
The worm is heavily wounded.
The worm bites you.
You hit the worm. You bite the worm, but do no damage.
The worm is severely wounded.
You hit the worm but do no damage.
The worm is severely wounded.
The worm bites you!
You barely miss the worm.
The worm is severely wounded.
You barely miss the worm.
The worm is severely wounded.
The worm closely misses you.
You barely miss the worm. You punch the worm.
The worm is severely wounded.
The worm bites you.
You hit the worm.
The worm is almost dead.
You hit the worm but do no damage.
The worm is almost dead.
The worm bites you!
You die...

### ..# #.#
#w# #@# #.#
#.##########
#.#.)......#
#.#.######.#
#.#.#....#.#
#.#.#.##.#.#
#.#.#.##.#.#
#.#..<...#.#


You could see a worm.

Vanquished Creatures
  A worm (D:3)
  2 dart slugs
  An orc (D:3)
  A ball python (D:1)
  3 bats
  3 endoplasms
  A giant cockroach (D:2)
  3 hobgoblins
  3 jackals (D:1)
  2 kobolds (D:2)
  A quokka (D:3)
  6 frilled lizards
  3 goblins (D:1)
  6 rats (D:1)
36 creatures vanquished.

Notes
Turn   | Place    | Note
-------+----------+-------------------------------------------
     0 | D:1      | Kikato the Gnoll Arcane Marksman began the quest for the
                  | Orb.
     0 | D:1      | Reached XP level 1. HP: 17/17 MP: 4/4
   195 | D:1      | Reached XP level 2. HP: 9/23 MP: 5/5
  1310 | D:1      | Reached XP level 3. HP: 26/28 MP: 7/7
  1485 | D:2      | You fall into a shaft and drop 1 floor!
  1505 | D:3      | Found an iron altar of Okawaru.
  2023 | D:2      | Reached skill level 1 in Invocations
  2454 | D:2      | Found a faded altar of an unknown god.
  2893 | D:3      | Slain by a worm

Illustrated notes

Levels and vault maps discovered:
D:1:      dpeg_arrival_ratfight, layout_basic
D:2:      layout_basic, nicolae_ecumenical_lake_church
D:3:      layout_basic, mainiacjoe_overflow_concentric_impassable,
          mainiacjoe_overflow_boulevard, nicolae_overflow_hidden_temple,
          serial_shops, shop, uniq_natasha

Skill      XL: |  1  2  3 |
---------------+----------+-----
Invocations    | 1 |  1.0
Fighting       | |  2.6
Short Blades   | |  0.9
Long Blades    | |  0.9
Axes           | |  0.9
Maces & Flails | |  0.9
Polearms       | |  0.9
Staves         | |  0.9
Slings         | |  0.9
Bows           | |  4.5
Crossbows      | |  0.9
Throwing       | |  0.9
Armour         | |  0.9
Dodging        | |  4.5
Stealth        | |  0.9
Shields        | |  0.9
Unarmed Combat | |  0.9
Spellcasting   | |  2.8
Conjurations   | |  0.6
Hexes          | |  5.4
Summonings     | |  0.6
Necromancy     | |  0.6
Translocations | |  0.6
Transmutations | |  0.6
Fire Magic     | |  0.6
Ice Magic      | |  0.6
Air Magic      | |  0.6
Earth Magic    | |  0.6
Poison Magic   | |  0.6
Evocations     | |  0.9

Action                   || total
-------------------------++-------
Melee: Short sword       ||    32
       Spear             ||    15
       Bite              ||     3
       Shortbow          ||     1
       Punch             ||     1
 Fire: Shortbow          ||   119
Armor: Robe              ||    23
Dodge: Dodged            ||    91
